 Dungeon Crawl Stone Soup version 0.29.0-4-gdea44cf6ec (webtiles) character file.

Game seed: 18281424622260206940

3 qw the Chopper (level 1, -1/19 HPs)
             Began as a Minotaur Berserker on Sept 10, 2022.
             Was a Follower of Trog.
             Succumbed to a kobold's poison
             ... on level 1 of the Dungeon.
             The game lasted 00:00:02 (47 turns).

qw the Chopper (Minotaur Berserker)                   Turns: 47, Time: 00:00:02

Health: -1/19      AC:  2    Str: 21    XL:     1   Next: 41%
Magic:  0/0        EV: 12    Int:  4    God:    Trog [*.....]
Gold:   17         SH:  0    Dex:  9    Spells: 0/0 levels left

rFire   . . .      SeeInvis .   a - +0 hand axe
rCold   . . .      Faith    .   (no shield)
rNeg    . . .      Spirit   .   b - +0 animal skin
rPois   .          Reflect  .   (helmet restricted)
rElec   .          Harm     .   (no cloak)
rCorr   .          Rampage  .   (no gloves)
Will    .....                   (no boots)
Stlth   +.........              (no amulet)
HPRegen 0.06/turn               (no ring)
MPRegen 0.07/turn               (no ring)

@: lethally poisoned (-1 -> -6), on berserk cooldown, slowed, very slow
A: horns 2, retaliatory headbutt
a: Renounce Religion, Berserk


You were on level 1 of the Dungeon.
You worshipped Trog.
Trog was aware of your devotion.
You visited 1 branch of the dungeon, and saw 1 of its levels.

You collected 17 gold pieces.


Innate Abilities, Weirdness & Mutations

You have a pair of horns on your head.
You reflexively headbutt those who attack you in melee.


   Skills:
 - Level 3.6 Fighting
 + Level 3.9 Axes
 - Level 2.4 Armour
 - Level 2.1 Dodging


You couldn't memorise any spells.
You didn't know any spells.
Your spell library was empty.

Inventory:

Hand Weapons
 a - a +0 hand axe (weapon)
 c - a +0 club
Armour
 b - a +0 animal skin (worn)

Dungeon Overview and Level Annotations

Branches:
Dungeon (1/15)

Altars:


Message History

You miss the kobold.
The kobold hits you with a +1 dagger of venom.
You hit the kobold but do no damage. The kobold barely misses you.
You miss the kobold.
You headbutt the kobold, but do no damage.
The kobold hits you with a +1 dagger of venom.
You are poisoned.
You hit the kobold.
The kobold is moderately wounded.
You feel very sick. The kobold closely misses you.
You barely miss the kobold.
The kobold is moderately wounded.
You feel sick. The kobold closely misses you.
The kobold hits you but does no damage.
You are lethally poisoned!
41 ||| INVOKING Berserk.
A red film seems to cover your vision as you go berserk!
You feel yourself moving faster!
You feel mighty!
You feel very sick. The kobold closely misses you. You furiously retaliate!
You headbutt the kobold!
You kill the kobold!
Trog accepts your kill.
There is a lethal amount of poison in your body!
You feel a strong urge to attack something.
You feel sick.
There is a lethal amount of poison in your body!
You feel sick.
There is a lethal amount of poison in your body!
You feel your anger nearly subside.
You feel sick.
There is a lethal amount of poison in your body!
You are no longer berserk.
You are exhausted.
You feel yourself slow down.
You feel sick.
There is a lethal amount of poison in your body!
You feel sick.
There is a lethal amount of poison in your body!
You die...

..# ##.## ..... ##...##
#.###.....#
........##### #####
#..)......# ##~~~##
#.@%# ##~~P~~## ##.##
##~~~.~~~#####.###
#~~P.8.P~~#......####
##~~.....~~#..7PP....#
#8~.......~8..7777...#
#.+.P8.<.8P.'...7PP.#.#
..8~.......~8##.7P..#%#
###~~.....~~####..#...#


There were no monsters in sight!

Vanquished Creatures
  A goblin (D:1)
  A hobgoblin (D:1)
  A kobold (D:1)
3 creatures vanquished.

Notes
Turn   | Place    | Note
-------+----------+-------------------------------------------
     0 | D:1      | qw the Minotaur Berserker began the quest for the Orb.
     0 | D:1      | Reached XP level 1. HP: 19/19 MP: 0/0
     0 | D:1      | 0 ||| qw: Version: 0.1-a-116-g5d60599
     0 | D:1      | 0 ||| qw: Game counter: 7481
     0 | D:1      | 0 ||| qw: Always use a shield: true
     0 | D:1      | 0 ||| qw: Do Orc after D:15 true
     0 | D:1      | 0 ||| qw: Do second Lair branch before Depths: true
     0 | D:1      | 0 ||| qw: Lair rune preference: random
     0 | D:1      | 0 ||| qw: Plans: Normal
     0 | D:1      | 0 ||| PLANNING D:1-11
    41 | D:1      | 41 ||| INVOKING Berserk.
    43 | D:1      | HP: 7/28 [poisoned by a kobold]
    45 | D:1      | HP: 3/19 [poisoned by a kobold]
    46 | D:1      | HP: 1/19 [poisoned by a kobold]
    47 | D:1      | Succumbed to a kobold's poison

Levels and vault maps discovered:
D:1:      lightli_arrival_statuegarden, layout_loops_ring, serial_forest,
          infiniplex_forest_clump_tiny, infiniplex_forest_clump_small,
          infiniplex_forest_lined_room_2, infiniplex_forest_clump_diagonal,
          infiniplex_forest_clump_double, infiniplex_forest_zigzag_1,
          infiniplex_forest_lined_room_2

Action                   || total
-------------------------++-------
Melee: Hand axe          ||    10
       Headbutt          ||     1
       Punch             ||     1
Invok: Berserk           ||     1
Armor: Animal skin       ||     1
Dodge: Dodged            ||     7

Table legend:
 A = Non-vault XP
 B = Vault XP
 C = Vault XP percentage of total XP
 D = Non-vault monster count
 E = Vault monster count
 F = Vault count percentage of total count
                 A         B        C        D         E       F
            +---------+---------+-------+---------+---------+-------
      Total |       5 |       0 |   0.0 |       3 |       0 |   0.0
            +---------+---------+-------+---------+---------+-------
        D:1 |       5 |       0 |   0.0 |       3 |       0 |   0.0
            +---------+---------+-------+---------+---------+-------
